 Dungeon Crawl Stone Soup version 0.21-a0-404-g291f19a (webtiles) character file.

441 exp172 the Stinger (level 7, -3/46 HPs)
             Began as a Merfolk Venom Mage on Oct 27, 2017.
             Was an Initiate of Sif Muna.
             Slain by a hound (5 damage)
             ... on level 5 of the Dungeon.
             The game lasted 00:48:49 (6964 turns).

exp172 the Stinger (Merfolk Venom Mage)             Turns: 6964, Time: 00:48:50

Health: -3/46      AC:  6    Str:  8    XL:     7   Next: 2%
Magic:  13/13      EV: 14    Int: 16    God:    Sif Muna [......]
Gold:   154        SH:  0    Dex: 15    Spells: 5/14 levels left

rFire    . . .     SeeInvis .   s - +2 dagger (venom)
rCold    . . .     Gourm    .   (no shield)
rNeg     . . .     Faith    .   D - +0 robe
rPois    .         Spirit   .   t - +2 hat
rElec    .         Reflect  .   n - +1 cloak
rCorr    .         Harm     .   (no gloves)
MR       .....                  (no boots)
Stlth    ++........             (no amulet)
HPRegen  0.15/turn              (no ring)
MPRegen  0.13/turn              (no ring)

@: no status effects
A: change form in water, swift swim, stealthy swim
a: Renounce Religion


You were on level 5 of the Dungeon.
You worshipped Sif Muna.
Sif Muna was noncommittal.
You were not hungry.

You visited 2 branches of the dungeon, and saw 6 of its levels.

You collected 154 gold pieces.

Inventory:

Hand Weapons
 s - a +2 dagger of venom (weapon)
 y - a +0 hunting sling
Missiles
 e - 165 stones
 f - 8 javelins (quivered)
Armour
 n - a +1 cloak (worn)
 t - a +2 hat (worn)
 D - a +0 robe (worn)
Jewellery
 g - a +3 ring of dexterity {unknown}
 I - a +5 ring of intelligence {unknown}
Wands
 a - a wand of paralysis (8/24)
 F - a wand of disintegration (13/24)
Scrolls
 h - a scroll of enchant weapon {unknown}
 i - 4 scrolls of remove curse
 j - 2 scrolls of identify
 m - a scroll of fog {unknown}
 q - a scroll of amnesia {unknown}
 r - 2 scrolls of enchant armour {unknown}
 v - 2 scrolls of recharging {unknown}
 w - a scroll of immolation {unknown}
 x - a scroll of teleportation {unknown}
 E - 3 scrolls of magic mapping {unknown}
 G - 3 scrolls of fear {unknown}
 J - a scroll of silence {unknown}
Potions
 d - a potion of mutation {unknown}
 l - a potion of degeneration {unknown}
 o - 3 potions of heal wounds {unknown}
 p - a potion of flight {unknown}
 u - a potion of agility {unknown}
 z - a potion of lignification {unknown}
 B - a potion of magic {unknown}
 C - a potion of berserk rage {unknown}
 H - a potion of brilliance {unknown}
Books
 b - a Young Poisoner's Handbook

   Spells                             Type                      Level
   a - Sting                          Conjuration/Poison           1
   b - Poisonous Vapours              Poison/Air                   2
   c - Mephitic Cloud                 Conjuration/Poison/Air       3
   d - Olgreb's Toxic Radiance        Poison                       4
   e - Venom Bolt                     Conjuration/Poison           5
Comestibles
 c - a royal jelly
 k - 3 bread rations
 A - a fruit


   Skills:
 + Level 0.2 Fighting
 + Level 0.3 Short Blades
 + Level 3.7 Dodging
 + Level 2.4 Stealth
 + Level 0.2 Unarmed Combat
 * Level 4.3 Spellcasting
 * Level 2.1 Conjurations
 + Level 5.6 Poison Magic


You had 5 spell levels left.
You knew the following spells:

 Your Spells              Type           Power        Failure   Level  Hunger
a - Sting                 Conj/Pois      ###.         3%          1    None
b - Mephitic Cloud        Conj/Pois/Air  ##......     17%         3    ###....
c - Venom Bolt            Conj/Pois      ###.......   65%         5    ######.


Dungeon Overview and Level Annotations

Branches:
Dungeon (5/15)             Temple (1/1) D:4

Altars:
Ashenzari
Cheibriados
Dithmenos
Elyvilon
Fedhas
Gozag
Hepliaklqana
Kikubaaqudgha
Makhleb
Nemelex Xobeh
Okawaru
Qazlal
Sif Muna
Trog
Uskayaw
Vehumet
Wu Jian
Xom
Yredelemnul
Zin
The Shining One

Annotations:
D:5 Menkaure


Message History

A hound comes into view.
The steam dragon breathes steam at you. The ball of steam hits you!
Ouch! That really hurt!
* * * LOW HITPOINT WARNING * * *
The hound closely misses you. The hound barely misses you.
The hound barely misses you. The hound bites you.
* * * LOW HITPOINT WARNING * * *
Items here: )))) [[ ÷÷÷÷ The hound bites you.
* * * LOW HITPOINT WARNING * * *
Things that are here:
a dagger; a robe The hound bites you.
* * * LOW HITPOINT WARNING * * *
The hound closely misses you. The hound closely misses you.
The hound bites you.
You die...

#....§..# #...#
#.##.#..# #...#
#h##.#..# #.[.#
#.......# ###.#
#.###.#.# #.#
#.###.#.## #.#
#...D....#
##########.#
##§##.##.#
###..........#
#§##D##.#
#.h@...#######
#.##..D.# #.#.##.#
#(#####.# #.#.##.#
#.#####.###D#.##.#
#.......D).)..##.#
###########.####.#
#......# ########


You could see a hound.

Vanquished Creatures
  Blork the orc (D:4)
  A crimson imp (D:5)
  A hound (D:4)
  3 orc wizards (D:5)
  Ijyb (D:3)
  2 worker ants (D:4)
  A hound zombie (D:4)
  A gnoll (D:1)
  3 adders (D:2)
  An adder skeleton (D:4)
  4 dart slugs (D:1)
  2 worms
  3 leopard geckos
  9 orcs
  6 bats
  3 giant cockroaches
  6 goblins
  7 hobgoblins
  7 jackals
  9 kobolds
  4 quokkas
  A ball python (D:1)
  5 frilled lizards
  A leopard gecko zombie (D:5)
  8 rats
90 creatures vanquished.

Notes
Turn   | Place    | Note
-------+----------+-------------------------------------------
     0 | D:1      | exp172 the Merfolk Venom Mage began the quest for the Orb.
     0 | D:1      | Reached XP level 1. HP: 13/13 MP: 3/3
   362 | D:1      | Reached XP level 2. HP: 15/19 MP: 1/5
   482 | D:1      | Reached skill level 4 in Poison Magic
   659 | D:1      | Reached XP level 3. HP: 24/24 MP: 1/6
  1782 | D:1      | Learned a level 3 spell: Mephitic Cloud
  2344 | D:2      | Reached XP level 4. HP: 30/30 MP: 1/8
  2611 | D:2      | Reached skill level 1 in Conjurations
  3769 | D:3      | Reached XP level 5. HP: 35/35 MP: 0/9
  4252 | D:3      | Noticed Ijyb
  4258 | D:3      | Paralysed by Ijyb for 6 turns
  4269 | D:3      | Paralysed by Ijyb for 5 turns
  4278 | D:3      | Paralysed by Ijyb for 7 turns
  4293 | D:3      | Killed Ijyb
  4689 | D:4      | Learned a level 5 spell: Venom Bolt
  4732 | D:4      | Reached skill level 5 in Poison Magic
  5005 | D:4      | Reached XP level 6. HP: 41/41 MP: 8/11
  5203 | D:4      | Found a staircase to the Ecumenical Temple.
  5219 | Temple   | Entered the Ecumenical Temple
  5376 | Temple   | Became a worshipper of Sif Muna the Loreminder
  5433 | D:4      | Noticed Blork the orc
  5488 | D:4      | Killed Blork the orc
  5956 | D:5      | Entered Level 5 of the Dungeon
  6609 | D:5      | Noticed Menkaure
  6682 | D:5      | Reached XP level 7. HP: 46/46 MP: 1/13
  6922 | D:5      | Noticed a steam dragon
  6960 | D:5      | HP: 1/46 [hound (4)]
  6964 | D:5      | Slain by a hound

Vault maps used:
D:1:      dpeg_arrival_simpleton_a
D:2:      first_bread, minmay_misc_feat_encased
D:3:      guppyfry_early_lair_pool, uniq_ijyb
D:4:      temple_green, kennysheep_generic_room_6, uniq_blork_the_orc
D:5:      kennysheep_opposing_triangles, uniq_menkaure
Temple:   kilobyte_greek_temple

Skill      XL: |  1  2  3  4  5  6 |
---------------+-------------------+-----
Poison Magic   | 4 5 |  5.6
Dodging        | 3 |  3.7
Spellcasting   | 3 4 |  4.3
Conjurations   | 1 2 |  2.1
Fighting       | |  0.2
Short Blades   | |  0.3
Stealth        | |  2.4
Unarmed Combat | |  0.2

Action                   |  1- 3 |  4- 6 |  7- 9 || total
-------------------------+-------+-------+-------++-------
Melee: Unarmed           |    32 |       |       ||    32
       Dagger            |    13 |   110 |    10 ||   133
       Short sword       |    13 |    10 |       ||    23
 Cast: Sting             |    85 |   151 |     1 ||   237
       Mephitic Cloud    |       |     2 |       ||     2
  Use: Scroll            |       |     2 |       ||     2
  Eat: Bread ration      |     2 |     1 |       ||     3
       Fruit             |       |     3 |       ||     3
       Meat ration       |       |     1 |       ||     1
Armor: Robe              |    22 |    51 |     3 ||    76
Dodge: Dodged            |    69 |    89 |     8 ||   166

Table legend:
 A = Spawn XP
 B = Non-spawn XP
 C = Spawn XP percentage of total XP
 D = Spawn monster count
 E = Non-spawn monster count
 F = Spawn count percentage of total count
 G = Total turns spent on level
                    A         B        C        D         E        F      G
               +---------+---------+-------+---------+---------+-------+---------
         Total |       0 |     631 |   0.0 |       0 |      90 |   0.0 |  6964
               +---------+---------+-------+---------+---------+-------+---------
           D:1 |       0 |      69 |   0.0 |       0 |      29 |   0.0 |  1931
           D:2 |       0 |      78 |   0.0 |       0 |      25 |   0.0 |  1572
           D:3 |       0 |      69 |   0.0 |       0 |      17 |   0.0 |  1176
           D:4 |       0 |     225 |   0.0 |       0 |       7 |   0.0 |  1082
           D:5 |       0 |     190 |   0.0 |       0 |      12 |   0.0 |  1008
               +---------+---------+-------+---------+---------+-------+---------
